 Dungeon Crawl Stone Soup version 0.29-a0-356-g7bc237e783 (webtiles) character file.

Game seed: 14935135112830508485

29 zeratav the Chiller (level 3, -6/21 HPs)
             Began as an Octopode Ice Elementalist on Apr 26, 2022.
             Mangled by a worm (8 damage)
             ... on level 2 of the Dungeon.
             The game lasted 00:02:26 (1583 turns).

zeratav the Chiller (Octopode Ice Elementalist)     Turns: 1583, Time: 00:02:26

Health: -6/21      AC:  1    Str:  7    XL:     3   Next: 16%
Magic:  2/6        EV: 13    Int: 19    God:
Gold:   59         SH:  0    Dex: 12    Spells: 5/6 levels left

rFire   . . .      SeeInvis .   c - +0 falchion {long}
rCold   . . .      Faith    .   (no shield)
rNeg    . . .      Spirit   .   (helmet restricted)
rPois   .          Reflect  .   (no amulet)
rElec   .          Harm     .   (no ring)
rCorr   .          Rampage  .   (no ring)
Will    .....                   (no ring)
Stlth   +++.......              (no ring)
HPRegen 0.07/turn               (no ring)
MPRegen 0.10/turn               (no ring)
                                (no ring)
                                (no ring)

@: no status effects
A: almost no armour, amphibious, 8 rings, camouflage 1, gelatinous body 1,
(nimble swimmer 1), tentacles
a: no special abilities


You were on level 2 of the Dungeon.
You visited 1 branch of the dungeon, and saw 2 of its levels.

You collected 59 gold pieces.


Innate Abilities, Weirdness & Mutations

You cannot wear most types of armour.
You are amphibious.
You can wear up to eight rings at the same time.
Your skin changes colour to match your surroundings (Stealth+).
Your rubbery body absorbs attacks. (AC +1, EV +1)
((You are camouflaged when in or above water. (Stealth+)))
You have tentacles for arms and can constrict up to eight enemies at once.


   Skills:
 - Level 2.0 Dodging
 - Level 2.6 Stealth
 + Level 2.4 Spellcasting
 * Level 4.7 Ice Magic


You had 5 spell levels left.
You knew the following spells:

 Your Spells              Type           Power      Damage    Failure   Level
a - Freeze                Ice            80%        1d9       2%          1

Your spell library contained the following spells:

 Spells                   Type           Power      Damage    Failure   Level
 Frozen Ramparts          Ice            40%        1d6       7%          3
 Ozocubu's Armour         Ice            20%        N/A       7%          3
 Ensorcelled Hibernation  Hex/Ice        22%        N/A       10%         2
 Beastly Appendage        Tmut           4%         N/A       16%         1
 Wereblood                Tmut           2%         N/A       24%         2
 Spider Form              Tmut/Pois      2%         N/A       43%         3
 Hailstorm                Conj/Ice       11%        3d5       52%         4
 Anguish                  Hex/Necr       1%         N/A       85%         4

Inventory:

Hand Weapons
 c - a +0 falchion (weapon) {long}
   (You found it on level 1 of the Dungeon)
Scrolls
 e - 3 scrolls of identify {unknown}
 g - a scroll of noise {unknown}
 h - 2 scrolls of teleportation {unknown}
 j - a scroll of magic mapping {unknown}
 k - a scroll of immolation {unknown}
 l - a scroll of summoning {unknown}
 m - a scroll of amnesia {unknown}
Potions
 a - a potion of magic
 b - 2 potions of curing {unknown}
 d - a potion of resistance {unknown}
 f - a potion of haste {unknown}
 i - a potion of invisibility {unknown}

Dungeon Overview and Level Annotations

Branches:
Dungeon (2/15)

Altars:

#..... #.....###
.#........
.........#
.........+
.........# .
......wg.# .......
.......@.# .......
.........# .......
.........##.......
..................
.........##.......
..................
.#.#####.#.#.....
... #.....+ ... ##
#.#.#.# .


You could see a worm and a goblin.


Message History

Your hp is fully restored (21).
Your mp is fully restored (6).
You pick up a book of Changes and begin reading...
You add the spells Beastly Appendage and Wereblood to your library.
A kobold comes into view. It is wielding a +0 dagger.
A jackal comes into view.
You freeze the kobold!
You kill the kobold!
MP[-1]
You lost 1 mp, and now have 5/6 mp.
A jackal is nearby!
A jackal comes into view.
You freeze the jackal.
You kill the jackal!
MP[-1]
You lost 1 mp, and now have 4/6 mp.
A jackal is nearby!
You see here a jackal corpse.
The jackal barks!
You hit the jackal but do no damage. You grab the jackal.
You squeeze the jackal.
You kill the jackal!
MP[+1]
You can't see any susceptible monsters within range! (Use Z to cast anyway.)
You see here a jackal corpse.
Things that are here:
a +0 dagger {short}; a kobold corpse; MP[+1]
Your mp is fully restored (6).
l - a scroll labelled LEYCKI TISTREELUSY
Things that are here:
a +0 dagger {short}; a kobold corpse You see here a jackal corpse.
As you open the door, it creaks loudly!
There is an open door here.
You open the door.
There is an open door here.
There is a staircase leading out of the dungeon here.
You open the door.
There is an open door here.
m - a scroll labelled KARPHA KOSIKORE You see here a +0 club {mace}.
You see here a +0 short sword {short}.
A kobold comes into view. It is wielding a +0 short sword.
You freeze the kobold!
You kill the kobold!
MP[-1]
You lost 1 mp, and now have 5/6 mp.
Things that are here:
a +0 short sword {short}; 2 stones {throwing}; a kobold corpse MP[+1]
Your mp is fully restored (6).
You now have 59 gold pieces (gained 6).
There is a stone staircase leading down here.
You see here a +0 leather armour.
Done exploring.
Done exploring.
(D) Dungeon
Where to? (? - help)
There is a stone staircase leading down here.
You climb downwards.
There is a stone staircase leading up here.
Okay, then.
There is a stone staircase leading up here.
b - 2 metallic orange potions (gained 1)
A worm comes into view.
A goblin comes into view. It is wielding a +0 dagger.
You freeze the worm.
The goblin shouts!
The worm bites you!
HP[-8] MP[-1]
You take 8 damage, and now have 13/21 hp.
MASSIVE DAMAGE!! (PAUSE)
You lost 1 mp, and now have 5/6 mp.
You are too injured to fight recklessly!
Casting: Freeze (safe; 2% risk of failure)
Confirm with . or Enter, or press ? or * to list all spells.
Aiming: Freeze (safe; 2% risk of failure)
Press: ? - help, Shift-Dir - straight line, f/p - worm
Aim: a worm (lightly wounded)
You freeze the worm.
MP[-1]
You lost 1 mp, and now have 4/6 mp.
Casting: Freeze (safe; 2% risk of failure)
Confirm with . or Enter, or press ? or * to list all spells.
Aiming: Freeze (safe; 2% risk of failure)
Press: ? - help, Shift-Dir - straight line, f/p - worm
Aim: a worm (lightly wounded)
You freeze the worm. The worm bites you!
Ouch! That really hurt!
* * * LOW HITPOINT WARNING * * *
HP[-11] MP[-1]
You take 11 damage, and now have 2/21 hp.
MASSIVE DAMAGE!! (PAUSE)
You lost 1 mp, and now have 3/6 mp.
Casting: Freeze (safe; 2% risk of failure)
Confirm with . or Enter, or press ? or * to list all spells.
Aiming: Freeze (safe; 2% risk of failure)
Press: ? - help, Shift-Dir - straight line, f/p - worm
Aim: a worm (lightly wounded)
You freeze the worm. The worm bites you!
You die...

Action                   || total
-------------------------++-------
Melee: Falchion          ||    19
       Tentacles         ||     6
       Unarmed           ||     3
       Constrict         ||     7
 Cast: Freeze            ||    24
 Stab: Sleeping          ||     2
Armor: Skin              ||     5
Dodge: Dodged            ||    15

Levels and vault maps discovered:
D:1:      psy_arrival_terrarium, layout_loops_ring, hangedman_decor_opposing,
          minmay_misc_feat_room
D:2:      minmay_kobold_bridge, layout_basic, minivault_19,
          uniq_crazy_yiuf_cottage, uniq_jessica, uniq_natasha

Notes
Turn   | Place    | Note
-------+----------+-------------------------------------------
     0 | D:1      | zeratav the Octopode Ice Elementalist began the quest for
                  | the Orb.
     0 | D:1      | Reached XP level 1. HP: 11/11 MP: 3/3
     0 | D:1      | magus.rc [v1.9.6]
   145 | D:1      | Reached XP level 2. HP: 8/17 MP: 5/5
   806 | D:1      | You pick up a book of Dreams and begin reading...
   806 | D:1      | You add the spells Ensorcelled Hibernation, Spider Form and
                  | Anguish to your library.
  1033 | D:1      | Reached XP level 3. HP: 21/21 MP: 4/6
  1150 | D:1      | You pick up a book of Changes and begin reading...
  1150 | D:1      | You add the spells Beastly Appendage and Wereblood to your
                  | library.
  1582 | D:2      | HP: 2/21 [worm (11)]
  1583 | D:2      | Mangled by a worm

Vanquished Creatures
  A dart slug (D:1)
  3 endoplasms (D:1)
  A goblin (D:1)
  3 hobgoblins (D:1)
  2 jackals (D:1)
  6 kobolds (D:1)
  A quokka (D:1)
  2 ball pythons (D:1)
  2 bats (D:1)
  2 frilled lizards (D:1)
  3 rats (D:1)
26 creatures vanquished.

Table legend:
 A = Non-vault XP
 B = Vault XP
 C = Vault XP percentage of total XP
 D = Non-vault monster count
 E = Vault monster count
 F = Vault count percentage of total count
                 A         B        C        D         E       F
            +---------+---------+-------+---------+---------+-------
      Total |      42 |       0 |   0.0 |      26 |       0 |   0.0
            +---------+---------+-------+---------+---------+-------
        D:1 |      42 |       0 |   0.0 |      26 |       0 |   0.0
            +---------+---------+-------+---------+---------+-------

Illustrated notes

Table legend:
 A = Kills in this place as a percentage of kills in entire the game.
 B = Kills by you in this place as a percentage of kills by you in the entire game.
 C = Kills by friends in this place as a percentage of kills by friends in the entire game.
 D = Other kills in this place as a percentage of other kills in the entire game.
 E = Experience gained in this place as a percentage of experience gained in the entire game.
 F = Experience gained in this place divided by the number of levels of this place that you have seen.
                   A       B       C       D       E      F
               +-------+-------+-------+-------+-------+----------------------
         Total | 100.0 | 100.0 |   N/A |   N/A | 100.0 |  21.0
       Dungeon | 100.0 | 100.0 |   N/A |   N/A | 100.0 |  21.0
               +-------+-------+-------+-------+-------+----------------------

Table legend: (Time is in decaauts)
 A = Elapsed time spent in this place.
 B = Non-inter-level travel time spent in this place.
 C = Inter-level travel time spent in this place.
 D = Time resting spent in this place.
 E = Time spent auto-exploring this place.
 F = Levels seen in this place.
 G = Mean time per level.
                   A        B        C        D        E       F      G
               +--------+--------+--------+--------+--------+-----+--------+
         Total |   1588 |   1554 |     34 |    587 |    771 |   2 |  794.0 |
       Dungeon |   1588 |   1554 |     34 |    587 |    771 |   2 |  794.0 |
               +--------+--------+--------+--------+--------+-----+--------+

Top non-repeatable levels by time:
     D:1: 1533 daAuts
     D:2: 54 daAuts
